 Dungeon Crawl Stone Soup version 0.31.0-11-ge490571c62 (webtiles) character file.

Game seed: 4585096683877482139

3584 qw the Nimble (level 9, -1/54 HPs)
             Began as a Spriggan Hunter on Feb 3, 2024.
             Was a Priest of Okawaru.
             Succumbed to a killer bee's poison
             ... on level 8 of the Dungeon.
             The game lasted 00:02:17 (4595 turns).

qw the Nimble (Spriggan Hunter)                     Turns: 4595, Time: 00:02:18

Health: -1/54      AC:  4    Str: 13    XL:     9   Next: 85%
Magic:  13/13      EV: 27    Int: 11    God:    Okawaru [***...]
Gold:   373        SH:  9    Dex: 22    Spells: 8/8 levels left

rFire   . . .        h - +0 orcbow
rCold   . . .        (shield currently unavailable)
rNeg    . . .        m - +2 robe {Will+}
rPois   .            (helmet restricted)
rElec   .            (no cloak)
rCorr   .            (gloves unavailable)
SInv    +            (boots unavailable)
Will    ++...        b - amulet of reflection
Stlth   ++           i - +6 ring of strength
HPRegen 0.29/turn    (no ring)
MPRegen 0.13/turn

%: reflection
@: lethally poisoned (-1 -> -19), very quick
A: very small, no large weapons, unfitting armour, see invisible, speed 3, large
bone plates 1, robust 2, sturdy frame 1
a: Renounce Religion, Heroism


You were on level 8 of the Dungeon.
You worshipped Okawaru.
Okawaru was most pleased with you.
You visited 2 branches of the dungeon, and saw 9 of its levels.

You collected 443 gold pieces.
You spent 70 gold pieces at shops.


Innate Abilities, Weirdness & Mutations

You are very small and have problems with some larger weapons.
You are too small for most types of armour.
You have supernaturally acute eyesight. (SInv)
You cover ground extremely quickly. (Speed+++)
You are partially covered in large bone plates. (SH +4)
You are very robust. (+20% HP)
Your movements are slightly less encumbered by armour. (ER -2)


   Skills:
 - Level 4.0 Fighting
 + Level 10.5 Ranged Weapons
 - Level 11.1 Dodging
 - Level 1.5 Stealth
 - Level 4.0 Invocations


You had 8 spell levels left.
You didn't know any spells.
Your spell library was empty.

Inventory:

Hand Weapons
 h - a +0 orcbow (weapon)
Armour
 f - +0 steam dragon scales
 m - a +2 robe of willpower (worn)
Jewellery
 b - an amulet of reflection (around neck)
 i - a +6 ring of strength (left hand)
 n - a ring of positive energy
Potions
 c - a potion of might
 e - 2 potions of curing
 j - a potion of haste {unknown}
 k - a potion of resistance {unknown}
 l - a potion of enlightenment {unknown}
 o - a potion of mutation

Dungeon Overview and Level Annotations

Branches:
Dungeon (8/15)             Temple (1/1) D:5
   Lair: D:8-11

Altars:
Ashenzari
Cheibriados
Dithmenos
Elyvilon
Fedhas
Gozag
Kikubaaqudgha
Makhleb
Nemelex Xobeh
Okawaru
Qazlal
Ru
Sif Muna
Trog
Uskayaw
Vehumet
Wu Jian
Xom
Yredelemnul
Zin
The Shining One

Shops:
D:2 !

Portals:
Bailey: D:7


Message History

The killer bee stings you but does no damage.
You shoot an arrow.
The arrow closely misses the killer bee.
You feel sick.
You are no longer poisoned.
The killer bee barely misses you. The killer bee closely misses you.
The killer bee completely misses you. The killer bee misses you.
You shoot an arrow. The arrow misses the killer bee.
You block the killer bee's attack. The killer bee stings you!
The killer bee misses you. The killer bee completely misses you.
You shoot an arrow. The arrow misses the killer bee.
The killer bee completely misses you. The killer bee misses you.
You block the killer bee's attack. The killer bee misses you.
You shoot an arrow. The arrow misses the killer bee.
The killer bee stings you.
You are poisoned.
The killer bee poisons you! You block the killer bee's attack.
The killer bee stings you. The killer bee barely misses you.
You shoot an arrow.
The arrow closely misses the killer bee.
You feel sick. The killer bee closely misses you.
The killer bee completely misses you.
You shoot an arrow. The arrow misses the killer bee.
You feel sick. The killer bee barely misses you.
The killer bee closely misses you.
The killer bee completely misses you. x2
You shoot an arrow.
The arrow closely misses the killer bee.
You feel sick. The killer bee stings you!
You are lethally poisoned!
The killer bee poisons you! You block the killer bee's attack.
The killer bee misses you. x2
You shoot an arrow. The arrow misses the killer bee.
You feel very sick. You block the killer bee's attack.
The killer bee stings you.
You are more poisoned.
The killer bee poisons you! The killer bee misses you. x2
You shoot an arrow.
The arrow hits the killer bee but does no damage.
The killer bee is severely wounded.
You die...

.....................##.%......
.......).............##.%....##
.........>............)........
......#######.........)........
....... #......)...........
....7P. #..................
.P....P .###..................
.P......y...#####.####
.P.#...@y...# .# ..P.##########
.# P.. ..


You could see 2 killer bees.

Vanquished Creatures
  2 steam dragons (D:6)
  2 water moccasins
  A sky beast (D:7)
  5 black bears
  An ice beast (D:5)
  2 ogres (D:5)
  2 centaurs (D:8)
  2 phantoms (D:5)
  3 kobold brigands
  Blork the orc (D:4)
  2 bullfrogs
  3 scorpions (D:5)
  8 wights
  3 killer bees (D:8)
  3 howler monkeys (D:7)
  2 jellies
  3 hounds
  3 bombardier beetles
  A gnoll bouda (D:6)
  2 orc priests
  A sleepcap (D:7)
  Jessica (D:3)
  Terence (D:2)
  4 iguanas
  2 orc wizards
  Ijyb (D:4)
  9 gnolls
  3 adders
  3 ribbon worms
  3 dart slugs
  15 orcs
  5 bats
  2 endoplasms
  4 giant cockroaches
  6 goblins
  5 hobgoblins
  3 jackals (D:4)
  3 quokkas
  5 ball pythons
  4 frilled lizards
  20 kobolds
  3 rats
154 creatures vanquished.

Notes
Turn   | Place    | Note
-------+----------+-------------------------------------------
     0 | D:1      | qw the Spriggan Hunter began the quest for the Orb.
     0 | D:1      | Reached XP level 1. HP: 10/10 MP: 2/2
     0 | D:1      | 0 ||| qw: Version: 0.3-a-155-g5e7d8dd
     0 | D:1      | 0 ||| qw: Game counter: 3452
     0 | D:1      | 0 ||| qw: Melee chars always use a shield: true
     0 | D:1      | 0 ||| qw: God list: Okawaru
     0 | D:1      | 0 ||| qw: Allow faded altars: false
     0 | D:1      | 0 ||| qw: Do Orc after clearing Dungeon:15 true
     0 | D:1      | 0 ||| qw: Do second Lair branch before Depths: true
     0 | D:1      | 0 ||| qw: Lair rune preference: random
     0 | D:1      | 0 ||| qw: Goals: Normal
     0 | D:1      | 0 ||| PLANNING D:1-11
    80 | D:1      | Reached skill level 3 in Dodging
   122 | D:1      | Reached XP level 2. HP: 14/14 MP: 3/3
   215 | D:1      | Reached skill level 4 in Dodging
   566 | D:1      | 566 ||| DROPPING amulet of magic regeneration.
   567 | D:1      | 567 ||| READING scroll labelled SALI TOREDOME.
   570 | D:1      | 570 ||| READING scroll labelled BYIZOTOIPERGH.
   570 | D:1      | 570 ||| BRANDING +0 shortbow.
   571 | D:1      | 571 ||| DROPPING scroll of butterflies.
   656 | D:2      | Found Beoki's Distillery.
   670 | D:2      | Reached XP level 3. HP: 18/18 MP: 4/4
   671 | D:2      | 671 ||| SHOPLISTING 2 potions of might (112 gold, have 78).
   671 | D:2      | 671 ||| SHOPLISTING potion of haste (140 gold, have 78).
   671 | D:2      | 671 ||| BUYING potion of heal wounds (70 gold).
   671 | D:2      | Bought a potion of heal wounds for 70 gold pieces
   832 | D:2      | 832 ||| FLEEEEING.
   834 | D:2      | 834 ||| FLEEEEING.
   836 | D:2      | 836 ||| FLEEEEING.
   908 | D:2      | Noticed Terence
   912 | D:2      | Killed Terence
   913 | D:2      | Reached XP level 4. HP: 22/22 MP: 5/5
   959 | D:2      | 959 ||| UPGRADING to amulet of reflection.
   964 | D:2      | 964 ||| DROPPING amulet of the acrobat.
   965 | D:2      | 965 ||| READING scroll labelled CUQOLAERGHU.
   965 | D:2      | 965 ||| ENCHANTING +0 shortbow of flaming.
   966 | D:2      | 966 ||| READING scroll labelled UJUOXUX CIDIR.
   967 | D:2      | 967 ||| DRINKING 2 yellow potions.
   967 | D:2      | Gained mutation: You occasionally lose the ability to read
                  | scrolls when taking damage. [potion of mutation]
   967 | D:2      | Gained mutation: Your body sometimes deteriorates upon
                  | taking damage. [potion of mutation]
   967 | D:2      | Gained mutation: Your muscles are strong. (Str +4, Int/Dex
                  | -1) [potion of mutation]
   968 | D:2      | 968 ||| DRINKING potion of mutation.
   968 | D:2      | Lost mutation: You occasionally lose the ability to read
                  | scrolls when taking damage. [potion of mutation]
   968 | D:2      | Lost mutation: Your muscles are strong. (Str +4, Int/Dex
                  | -1) [potion of mutation]
   968 | D:2      | Lost mutation: Your body sometimes deteriorates upon taking
                  | damage. [potion of mutation]
   968 | D:2      | Gained mutation: Your movements are slightly less
                  | encumbered by armour. (ER -2) [potion of mutation]
   968 | D:2      | Gained mutation: You are robust. (+10% HP) [potion of
                  | mutation]
   968 | D:2      | Gained mutation: You are partially covered in large bone
                  | plates. (SH +4) [potion of mutation]
   968 | D:2      | Gained mutation: You are very robust. (+20% HP) [potion of
                  | mutation]
  1387 | D:3      | Noticed Jessica
  1390 | D:3      | Killed Jessica
  1391 | D:3      | Reached skill level 5 in Dodging
  1465 | D:3      | Reached XP level 5. HP: 31/31 MP: 6/6
  1498 | D:3      | Identified the +6 war axe "Guuzegao" {flame, Str+3 Stlth+}
  1636 | D:3      | 1636 ||| UPGRADING to +6 ring of strength.
  1637 | D:3      | 1637 ||| READING scroll labelled DOISMUCYZIP.
  1637 | D:3      | 1637 ||| IDENTIFYING emerald potion
  1638 | D:3      | 1638 ||| READING scroll labelled SAEGUK LURGH.
  1639 | D:3      | 1639 ||| DROPPING potion of attraction.
  1692 | D:4      | 1692 ||| STAIRDANCE
  1770 | D:4      | Reached skill level 6 in Ranged Weapons
  1853 | D:4      | Reached XP level 6. HP: 29/36 MP: 7/7
  1892 | D:4      | Noticed Blork the orc
  1897 | D:4      | Killed Blork the orc
  1898 | D:4      | Reached skill level 6 in Dodging
  1904 | D:4      | Noticed Ijyb
  1907 | D:4      | Killed Ijyb
  2197 | D:4      | 2197 ||| UPGRADING to +2 robe of willpower.
  2207 | D:4      | 2207 ||| DROPPING +0 robe.
  2208 | D:4      | 2208 ||| READING scroll of identify.
  2208 | D:4      | 2208 ||| IDENTIFYING fizzy white potion
  2209 | D:4      | 2209 ||| READING scroll labelled XALAEV INUPEU.
  2209 | D:4      | 2209 ||| ENCHANTING +1 shortbow of flaming.
  2210 | D:4      | 2210 ||| READING scroll labelled SOLIRCH VUERCHI.
  2211 | D:4      | 2211 ||| READING scroll labelled AROPPO DIGGORGH.
  2212 | D:4      | 2212 ||| READING scroll labelled IXUNUWKOT REKK.
  2217 | D:5      | Entered Level 5 of the Dungeon
  2293 | D:5      | Reached XP level 7. HP: 42/42 MP: 8/8
  2317 | D:5      | Found a staircase to the Ecumenical Temple.
  2318 | D:5      | 2318 ||| PLANNING TEMPLE
  2318 | D:5      | 2318 ||| DROPPING amulet of guardian spirit.
  2319 | D:5      | 2319 ||| READING 2 scrolls of identify.
  2319 | D:5      | 2319 ||| IDENTIFYING white potion
  2320 | D:5      | 2320 ||| READING scroll of identify.
  2320 | D:5      | 2320 ||| IDENTIFYING murky cyan potion
  2321 | D:5      | 2321 ||| DROPPING potion of berserk rage.
  2322 | D:5      | 2322 ||| DROPPING potion of ambrosia.
  2330 | Temple   | Entered the Ecumenical Temple
  2331 | Temple   | 2331 ||| PLANNING OKAWARU WORSHIP
  2356 | Temple   | Became a worshipper of Warmaster Okawaru
  2357 | Temple   | 2357 ||| PLANNING D:1-11
  2429 | D:5      | Reached skill level 7 in Dodging
  2642 | D:5      | Reached * piety under Okawaru
  2668 | D:5      | Reached skill level 1 in Invocations
  2668 | D:5      | Reached XP level 8. HP: 46/46 MP: 8/10
  2757 | D:5      | 2757 ||| READING scroll of enchant weapon.
  2757 | D:5      | 2757 ||| ENCHANTING +1 shortbow of flaming.
  2782 | D:5      | Reached skill level 3 in Fighting
  2926 | D:5      | 2926 ||| DRINKING 2 clear potions.
  2974 | D:6      | Reached skill level 3 in Invocations
  2976 | D:6      | 2976 ||| FLEEEEING.
  2977 | D:6      | 2977 ||| FLEEEEING.
  2978 | D:6      | 2978 ||| FLEEEEING.
  2979 | D:6      | 2979 ||| STAIRDANCE
  3090 | D:6      | Reached skill level 8 in Dodging
  3162 | D:6      | 3162 ||| Stepping ~*~*~tactically~*~*~ (cloud).
  3372 | D:6      | 3372 ||| RETREEEEATING.
  3375 | D:6      | 3375 ||| RETREEEEATING.
  3376 | D:6      | 3376 ||| RETREEEEATING.
  3377 | D:6      | 3377 ||| RETREEEEATING.
  3378 | D:6      | 3378 ||| RETREEEEATING.
  3381 | D:6      | 3381 ||| RETREEEEATING.
  3382 | D:6      | 3382 ||| RETREEEEATING.
  3383 | D:6      | 3383 ||| RETREEEEATING.
  3384 | D:6      | Reached ** piety under Okawaru
  3385 | D:6      | Reached skill level 9 in Ranged Weapons
  3399 | D:6      | Reached skill level 9 in Dodging
  3448 | D:6      | Reached XP level 9. HP: 52/52 MP: 13/13
  3516 | D:6      | 3516 ||| INVOKING Heroism.
  3772 | D:6      | 3772 ||| DRINKING 3 silvery potions.
  3773 | D:6      | 3773 ||| DROPPING wand of flame (14).
  3774 | D:6      | 3774 ||| DROPPING 2 potions of degeneration.
  3783 | D:7      | 3783 ||| STAIRDANCE
  3801 | D:7      | 3801 ||| RETREEEEATING.
  3802 | D:7      | 3802 ||| RETREEEEATING.
  3803 | D:7      | 3803 ||| RETREEEEATING.
  3804 | D:7      | 3804 ||| RETREEEEATING.
  3809 | D:7      | 3809 ||| INVOKING Heroism.
  3908 | D:7      | Found a flagged portal.
  3923 | D:7      | Reached skill level 10 in Dodging
  4046 | D:7      | 4046 ||| RETREEEEATING.
  4048 | D:7      | 4048 ||| RETREEEEATING.
  4051 | D:7      | 4051 ||| RETREEEEATING.
  4052 | D:7      | 4052 ||| RETREEEEATING.
  4053 | D:7      | 4053 ||| RETREEEEATING.
  4115 | D:7      | Reached *** piety under Okawaru
  4263 | D:7      | 4263 ||| READING scroll labelled SANTECSYZXE.
  4265 | D:7      | 4265 ||| Stepping ~*~*~tactically~*~*~ (cloud).
  4389 | D:8      | 4389 ||| SWAPPING to +0 orcbow.
  4390 | D:8      | 4390 ||| DROPPING +2 shortbow of flaming.
  4497 | D:8      | Reached skill level 11 in Dodging
  4577 | D:8      | HP: 13/54 [killer bee (4)]
  4578 | D:8      | 4578 ||| READING scroll of teleportation.
  4578 | D:8      | HP: 5/54 [killer bee (7)]
  4579 | D:8      | 4579 ||| DRINKING 2 potions of heal wounds.
  4583 | D:8      | 4583 ||| DRINKING potion of heal wounds.
  4593 | D:8      | HP: 7/54 [killer bee (8)]
  4594 | D:8      | HP: 3/54 [poisoned by a killer bee]
  4595 | D:8      | Succumbed to a killer bee's poison

Levels and vault maps discovered:
D:1:      evilmike_arrival_fibonacci_small, layout_basic
D:2:      layout_rooms, serial_shops, shop, glass_columns_b, uniq_terence
D:3:      layout_loops_ring, minmay_misc_feat_hallway, uniq_jessica
D:4:      layout_gridville, uniq_ijyb, uniq_blork_the_orc
D:5:      layout_rooms, temple_green
D:6:      layout_cave_pools, serial_column_ruins, column_ruins_circle_medium,
          column_ruins_open_small, column_ruins_grid_2, column_ruins_open_small,
          column_ruins_open_medium, column_ruins_open_tiny
D:7:      layout_rooms, enter_bailey_6
D:8:      layout_basic, minmay_lair_entry_grove
Temple:   mainiacjoe_temple_hex_bubbles

Skill      XL: |  1  2  3  4  5  6  7  8  9 |
---------------+----------------------------+-----
Dodging        | 3 4 5 6 7 9 11 | 11.1
Ranged Weapons | 5 6 7 8 9 10 | 10.5
Fighting       | 2 3 4 |  4.0
Invocations    | 1 4 |  4.0
Stealth        | |  1.5

Action                     |  1- 3 |  4- 6 |  7- 9 || total
---------------------------+-------+-------+-------++-------
   Fire: Shortbow          |    83 |   133 |   259 ||   475
         Orcbow            |       |       |    77 ||    77
 Invoke: Heroism           |       |       |     2 ||     2
    Use: Scroll            |     2 |     9 |     5 ||    16
         Potion            |       |     2 |     4 ||     6
 Armour: Robe              |     5 |     7 |    43 ||    55
  Dodge: Dodged            |    27 |    26 |   170 ||   223
  Block: Other             |       |    13 |    66 ||    79
         Reflection        |       |       |     5 ||     5

Table legend:
 A = Non-vault XP
 B = Vault XP
 C = Vault XP percentage of total XP
 D = Non-vault monster count
 E = Vault monster count
 F = Vault count percentage of total count
                 A         B        C        D         E       F
            +---------+---------+-------+---------+---------+-------
      Total |    4780 |     341 |   6.7 |     149 |       5 |   3.2
            +---------+---------+-------+---------+---------+-------
        D:1 |      27 |       0 |   0.0 |      16 |       0 |   0.0
        D:2 |      48 |      36 |  42.9 |      14 |       1 |   6.7
        D:3 |     116 |      37 |  24.2 |      14 |       1 |   6.7
        D:4 |     158 |     126 |  44.4 |      16 |       2 |  11.1
        D:5 |    1154 |       0 |   0.0 |      20 |       0 |   0.0
        D:6 |    1552 |       0 |   0.0 |      24 |       0 |   0.0
        D:7 |    1078 |       0 |   0.0 |      24 |       0 |   0.0
        D:8 |     647 |     142 |  18.0 |      21 |       1 |   4.5
            +---------+---------+-------+---------+---------+-------
